 Dungeon Crawl Stone Soup version bcrawl-1.19.2-6-g6a88ae04c9 (webtiles) character file.

Game seed: 3710861287770057091

231 Mrkan the Ruffian (level 5, 0/53 HPs)
             Began as a Troll Monk on Dec 30, 2019.
             Was a Believer of Ashenzari.
             Succumbed to a killer bee's poison
             ... on level 3 of the Dungeon.
             The game lasted 00:03:27 (2362 turns).

Mrkan the Ruffian (Troll Monk)                      Turns: 2362, Time: 00:03:27

Health: 0/53       AC:  6    Str: 24    XL:     5   Next: 73%
Magic:  0/5        EV: 10    Int:  8    God:    Ashenzari [**....]
Gold:   182        SH:  0    Dex: 12    Spells: 4/4 levels left

rFire    . . .     SeeInvis .     - Unarmed
rCold    . . .     Gourm    +   (no shield)
rNeg     . . .     Faith    .   (armour unavailable)
rPois    .         Spirit   +   a - +0 hat (curse)
rElec    .         Reflect  .   (no cloak)
rCorr    .         Harm     .   (gloves unavailable)
MR       .....                  (boots unavailable)
Stlth    ++........             b - amulet of guardian spirit
HPRegen  0.57/turn              (no ring)
MPRegen  0.09/turn              (no ring)

@: mighty, lethally poisoned (0 -> -3)
A: large, almost no armour, unfitting armour, claws 3, fast metabolism 3,
gourmand, regeneration 1, AC +6
a: Curse Item, Scrying, Renounce Religion


You were on level 3 of the Dungeon.
You worshipped Ashenzari.
Ashenzari was pleased with you.
You were very full.

You visited 1 branch of the dungeon, and saw 4 of its levels.

You collected 182 gold pieces.

Inventory:

Armour
 a - a cursed +0 hat (worn)
Jewellery
 b - an amulet of guardian spirit (around neck)
Wands
 j - a wand of random effects (3)
Scrolls
 d - 6 scrolls of identify {unknown}
 i - a scroll of fog {unknown}
 k - 2 scrolls of enchant armour {unknown}
 m - 2 scrolls of enchant weapon {unknown}
 n - 3 scrolls of remove curse {unknown}
Potions
 e - a potion of invisibility {unknown}
 f - a potion of curing {unknown}
 g - a potion of might
 h - a potion of heal wounds {unknown}
 l - a potion of flight {unknown}
 p - a potion of brilliance {unknown}
Comestibles
 c - 9 rations {!d}


   Skills:
 + Level 3.6 Fighting
 - Level 2.4 Dodging
 - Level 1.1 Stealth
 * Level 5.6 Unarmed Combat
   Level 2.0 Invocations


You had 4 spell levels left.
You didn't know any spells.
Your spell library was empty.

Dungeon Overview and Level Annotations

Branches:
Dungeon (4/12)
 Temple: D:4-7

Altars:
Ashenzari
Nemelex Xobeh
Xom


Innate Abilities, Weirdness & Mutations

You cannot wear most types of armour.
Your thick skin is tough. (AC +6)
You are too large for most types of armour.
You have claws for hands.
Your metabolism is lightning-fast.
You like to eat raw meat.
Your natural rate of healing is unusually fast.


Message History

You miss the killer bee.
The killer bee is lightly wounded.
You feel sick. The killer bee closely misses you. The killer bee stings you!
* * * LOW HITPOINT WARNING * * *
You miss the killer bee.
The killer bee is lightly wounded.
You feel sick. The killer bee barely misses you.
The killer bee stings you but does no damage.
It was a potion of might.
You feel very mighty all of a sudden. The killer bee barely misses you.
The killer bee closely misses you.
You claw the killer bee!
The killer bee is almost dead.
The killer bee stings you.
* * * LOW HITPOINT WARNING * * *
You are more poisoned.
The killer bee poisons you!
You closely miss the killer bee.
The killer bee is almost dead.
You die...

#.# #)# #.####### #.#####
#.#.....## #.....# #.##.....#
###.### #....#...# #.# #####
#######.#..#######.# #...#
...................# #.#.####
#######.##############......#####
# #.........@................ #
##########y#####.#.##.##### # #.#
#.#.##.# # # #.#####.#.##.##### #
#................. #
#######.#.######## # #...#.# #
#.#>#.# # ##.###.#


You could see a killer bee.

Vanquished Creatures
  An ogre (D:4)
  A bullfrog skeleton (D:4)
  2 adders
  An ooze (D:2)
  4 worms
  A dart slug (D:1)
  2 leopard geckos
  3 orcs
  10 bats
  5 giant cockroaches
  7 goblins
  12 hobgoblins
  9 jackals
  10 kobolds
  A ball python (D:3)
  7 frilled lizards
  6 rats
82 creatures vanquished.

Notes
Turn   | Place    | Note
-------+----------+-------------------------------------------
     0 | D:1      | Mrkan the Troll Monk began the quest for the Orb.
     0 | D:1      | Reached XP level 1. HP: 22/22 MP: 1/1
    93 | D:1      | Reached XP level 2. HP: 16/29 MP: 2/2
   606 | D:1      | Reached XP level 3. HP: 36/36 MP: 3/3
   780 | D:1      | Reached skill level 4 in Unarmed Combat
   963 | D:2      | Found a shattered altar of Ashenzari.
  1010 | D:2      | Became a worshipper of Ashenzari the Shackled
  1010 | D:2      | Reached * piety under Ashenzari
  1010 | D:2      | Reached ** piety under Ashenzari
  1183 | D:2      | Gained mutation: Your natural rate of healing is unusually
                  | fast. [Troll growth]
  1183 | D:2      | Reached XP level 4. HP: 45/45 MP: 4/4
  1441 | D:2      | Found a sparkling altar of Nemelex Xobeh.
  1504 | D:2      | Found a shimmering altar of Xom.
  1993 | D:3      | Found a faded altar of an unknown god.
  2328 | D:4      | Noticed an ogre
  2330 | D:4      | Reached skill level 5 in Unarmed Combat
  2330 | D:4      | Reached XP level 5. HP: 53/53 MP: 5/5
  2338 | D:4      | Killed an ogre
  2361 | D:3      | HP: 1/53 [killer bee (3)]
  2362 | D:3      | Succumbed to a killer bee's poison

Skill      XL: |  1  2  3  4 |
---------------+-------------+-----
Unarmed Combat | 4 5 |  5.6
Fighting       | 3 |  3.6
Dodging        | |  2.4
Stealth        | |  1.1
Invocations    | |  2.0

Action                   |  1- 3 |  4- 6 || total
-------------------------+-------+-------++-------
Melee: Unarmed           |   108 |    81 ||   189
       Punch             |     2 |       ||     2
Invok: Curse Item        |     1 |       ||     1
  Use: Potion            |       |     1 ||     1
 Stab: Sleeping          |     6 |     1 ||     7
  Eat: Chunk             |    13 |     6 ||    19
Armor: Skin              |    43 |    49 ||    92
Dodge: Dodged            |    68 |    84 ||   152
